 Dungeon Crawl Stone Soup version 0.31.0-9-g3a7656b989 (webtiles) character file.

Game seed: 17188634578465515300

67 qw the Shooter (level 4, -1/22 HPs)
             Began as a Spriggan Hunter on Feb 2, 2024.
             Frozen to death by an endoplasm (4 damage)
             ... on level 2 of the Dungeon.
             The game lasted 00:00:04 (1316 turns).

qw the Shooter (Spriggan Hunter)                    Turns: 1316, Time: 00:00:05

Health: -1/22      AC:  2    Str:  7    XL:     4   Next: 0%
Magic:  5/5        EV: 19    Int: 10    God:
Gold:   95         SH:  0    Dex: 20    Spells: 3/3 levels left

rFire   . . .        a - +0 shortbow
rCold   . . .        (shield currently unavailable)
rNeg    . . .        c - +0 robe
rPois   .            (helmet restricted)
rElec   .            (no cloak)
rCorr   .            (gloves unavailable)
SInv    +            (boots unavailable)
Will    .....        (no amulet)
Stlth   ++           (no ring)
HPRegen 0.23/turn    (no ring)
MPRegen 0.09/turn

%: no passive effects
@: very quick
A: very small, no large weapons, unfitting armour, see invisible, speed 3
a: no special abilities


You were on level 2 of the Dungeon.
You visited 1 branch of the dungeon, and saw 3 of its levels.

You collected 95 gold pieces.


Innate Abilities, Weirdness & Mutations

You are very small and have problems with some larger weapons.
You are too small for most types of armour.
You have supernaturally acute eyesight. (SInv)
You cover ground extremely quickly. (Speed+++)


   Skills:
 - Level 1.5 Fighting
 - Level 5.0 Ranged Weapons
 + Level 4.2 Dodging
 - Level 1.5 Stealth


You had 3 spell levels left.
You didn't know any spells.
Your spell library was empty.

Inventory:

Hand Weapons
 a - a +0 shortbow (weapon)
Armour
 c - a +0 robe (worn)
Scrolls
 f - 3 scrolls of enchant weapon {unknown}
Potions
 b - a potion of lignification {unknown}
 d - a potion of degeneration {unknown}
 e - a potion of brilliance {unknown}

Dungeon Overview and Level Annotations

Branches:
Dungeon (3/15)

Altars:

Shops:
D:2 *


Message History

You shoot an arrow. The arrow misses the quokka.
The quokka closely misses you. x2
You shoot an arrow. The arrow barely misses the quokka.
The quokka misses you. The endoplasm freezes you.
You are frozen.
You shoot an arrow. The arrow barely misses the quokka.
The quokka closely misses you.
The endoplasm jiggles.
The endoplasm freezes you.
You are frozen.
The quokka twitches its whiskers.
The quokka completely misses you.
You shoot an arrow.
The arrow hits the quokka but does no damage.
The quokka is severely wounded.
The endoplasm misses you. The quokka misses you.
You shoot an arrow.
The arrow hits the quokka but does no damage.
The quokka is severely wounded.
The endoplasm freezes you.
You are frozen.
The quokka closely misses you. The endoplasm freezes you.
You are frozen.
The quokka completely misses you.
You shoot an arrow. The arrow hits the quokka!
You kill the quokka!
The endoplasm freezes you.
You are frozen.
You have reached level 4!
You shoot an arrow.
The arrow hits the endoplasm but does no damage.
The endoplasm misses you.
You shoot an arrow. The arrow barely misses the endoplasm.
The endoplasm freezes you.
You are frozen.
You shoot an arrow. The arrow hits the endoplasm.
The endoplasm is heavily wounded.
The endoplasm freezes you.
You are frozen.
You die...

####'#....#..#
######..........#
#...##..........#
#...##.....%....#
###...##.).......##
#..............>...
#..................
#..........#####...
#J@<.......# ...
#[...%.........#
#..............#
................#
..........#...###
..........#...#
.%.########...# ...
.#


You could see an endoplasm.

Vanquished Creatures
  5 ribbon worms
  A dart slug (D:2)
  4 endoplasms (D:1)
  5 giant cockroaches
  8 goblins
  6 hobgoblins
  4 quokkas
  5 ball pythons
  3 bats (D:1)
  4 kobolds
  6 rats (D:1)
51 creatures vanquished.

Notes
Turn   | Place    | Note
-------+----------+-------------------------------------------
     0 | D:1      | qw the Spriggan Hunter began the quest for the Orb.
     0 | D:1      | Reached XP level 1. HP: 10/10 MP: 2/2
     0 | D:1      | 0 ||| qw: Version: 0.3-a-155-g5e7d8dd
     0 | D:1      | 0 ||| qw: Game counter: 1352
     0 | D:1      | 0 ||| qw: Melee chars always use a shield: true
     0 | D:1      | 0 ||| qw: God list: Okawaru
     0 | D:1      | 0 ||| qw: Allow faded altars: false
     0 | D:1      | 0 ||| qw: Do Orc after clearing Dungeon:15 true
     0 | D:1      | 0 ||| qw: Do second Lair branch before Depths: true
     0 | D:1      | 0 ||| qw: Lair rune preference: random
     0 | D:1      | 0 ||| qw: Goals: Normal
     0 | D:1      | 0 ||| PLANNING D:1-11
    45 | D:1      | Reached skill level 3 in Dodging
   132 | D:1      | Reached XP level 2. HP: 14/14 MP: 3/3
   133 | D:1      | Found a faded altar of an unknown god.
   595 | D:1      | Reached XP level 3. HP: 18/18 MP: 4/4
   720 | D:1      | 720 ||| READING scroll labelled XEYT DURRU.
   721 | D:1      | 721 ||| READING scroll labelled DEFASE TIGY.
   822 | D:1      | 822 ||| READING scroll labelled NAHECK WORIEJI.
   822 | D:1      | 822 ||| IDENTIFYING fuming dark potion
   823 | D:1      | 823 ||| DROPPING scroll of butterflies.
   824 | D:1      | 824 ||| DROPPING potion of magic.
   863 | D:2      | 863 ||| STAIRDANCE
   913 | D:2      | Found Nugeip's General Store.
   922 | D:2      | 922 ||| SHOPLISTING potion of curing (42 gold, have 26).
   922 | D:2      | 922 ||| SHOPLISTING scroll of identify (28 gold, have 26).
   922 | D:2      | 922 ||| SHOPLISTING wand of mindburst (4) (78 gold, have
                  | 26).
  1112 | D:2      | You fall into a shaft and drop 1 floor!
  1138 | D:3      | Reached skill level 5 in Ranged Weapons
  1314 | D:2      | Reached XP level 4. HP: 7/22 MP: 5/5
  1315 | D:2      | HP: 3/22 [frozen (5)]
  1316 | D:2      | Frozen to death by an endoplasm

Levels and vault maps discovered:
D:1:      lightli_arrival_windingriver, layout_loops_ring,
          ebering_ecumenical_altar_sacrificial
D:2:      layout_basic, serial_shops, shop
D:3:      layout_rooms, nicolae_vehumet_altar_sigil,
          mainiacjoe_overflow_cross_hatched

Skill      XL: |  1  2  3 |
---------------+----------+-----
Dodging        | 3 4 |  4.2
Ranged Weapons | 5 |  5.0
Fighting       | |  1.5
Stealth        | |  1.5

Action                     |  1- 3 |  4- 6 || total
---------------------------+-------+-------++-------
   Fire: Shortbow          |   145 |     3 ||   148
    Use: Scroll            |     3 |       ||     3
 Armour: Robe              |    13 |       ||    13
  Dodge: Dodged            |    45 |     1 ||    46

Table legend:
 A = Non-vault XP
 B = Vault XP
 C = Vault XP percentage of total XP
 D = Non-vault monster count
 E = Vault monster count
 F = Vault count percentage of total count
                 A         B        C        D         E       F
            +---------+---------+-------+---------+---------+-------
      Total |      97 |       0 |   0.0 |      51 |       0 |   0.0
            +---------+---------+-------+---------+---------+-------
        D:1 |      45 |       0 |   0.0 |      29 |       0 |   0.0
        D:2 |      41 |       0 |   0.0 |      18 |       0 |   0.0
        D:3 |      11 |       0 |   0.0 |       4 |       0 |   0.0
            +---------+---------+-------+---------+---------+-------
